 Dungeon Crawl Stone Soup version 0.25.1-2-g60ff931df9 (webtiles) character file.

Game seed: 8288964969691159104

60298 GameOver the Covert (level 14, -10/127 HPs)
             Began as a Naga Wizard on Aug 18, 2020.
             Was a High Priest of Okawaru.
             Mangled by a spatial maelstrom (14 damage)
             ... on level 2 of the Abyss on Aug 25, 2020.
             The game lasted 02:35:26 (15396 turns).

GameOver the Covert (Naga Wizard)                  Turns: 15396, Time: 02:35:27

Health: -10/127    AC: 19    Str:  9    XL:     14   Next: 98%
Magic:  4/41       EV:  7    Int: 20    God:    Okawaru [*****.]
Gold:   1402       SH:  0    Dex:  6    Spells: 16/35 levels left

rFire    + . .     SeeInvis +   w - +5 flail of Xumuav {freeze, rC++ MP+9}
rCold    + + +     Gourm    .   (no shield)
rNeg     . . .     Faith    .   P - +2 robe {Archmagi}
rPois    +         Spirit   .   O - +2 hat {SInv}
rElec    .         Reflect  .   C - +1 cloak
rCorr    .         Harm     .   (no gloves)
MR       +....                  Z - +2 naga barding {rC+}
Stlth    ++++......             z - amulet of regeneration
HPRegen  0.71/turn              v - ring of protection from fire
MPRegen  0.27/turn              M - ring of magical power

@: about to teleport, frozen ramparts, very slow
A: large, iridescent scales 1, see invisible, [clumsy 2], deformed body, [dopey
2], [low mp 2], poison resistance, [screaming 2], slowness 2, slow metabolism 1,
spit poison 1, constrict 1, AC +4
a: Spit Poison, Heroism, Finesse, Renounce Religion


You were on level 2 of the Abyss.
You worshipped Okawaru.
Okawaru was extremely pleased with you.
You were not hungry.

You visited 4 branches of the dungeon, and saw 20 of its levels.
You visited the Abyss 1 time.

You collected 1402 gold pieces.

Inventory:

Hand Weapons
 s - a +1 trident of holy wrath
 w - the +5 flail of Xumuav (weapon) {freeze, rC++ MP+9}
   (You found it on level 6 of the Lair of Beasts)

   It has been specially enchanted to freeze those struck by it, causing extra
   injury to most foes and up to half again as much damage against particularly
   susceptible opponents.
   It can also slow down cold-blooded creatures.
   It greatly protects you from cold.
   It affects your magic capacity (+9).
Armour
 i - a scarf of repulsion
 C - a +1 cloak (worn)
 O - a +2 hat of see invisible (worn)
 P - a +2 robe of the Archmagi (worn)
 Z - a +2 naga barding of cold resistance (worn)
Jewellery
 v - a ring of protection from fire (left hand)
 z - an amulet of regeneration (around neck)
 M - a ring of magical power (right hand)
Wands
 r - a wand of paralysis (9)
 A - a wand of digging (4)
 T - a wand of acid (15)
 U - a wand of iceblast (16)
 V - a wand of disintegration (9)
Scrolls
 a - 2 scrolls of blinking
 c - 7 scrolls of magic mapping
 e - 8 scrolls of remove curse
 g - 10 scrolls of teleportation
 j - 6 scrolls of amnesia {unknown}
 l - a scroll of immolation
 x - a scroll of fog {unknown}
 E - 2 scrolls of acquirement {unknown}
 G - 7 scrolls of fear {unknown}
 I - 3 scrolls of enchant weapon
 J - 3 scrolls of vulnerability {unknown}
 Q - 2 scrolls of torment {unknown}
 X - 3 scrolls of summoning {unknown}
Potions
 m - a potion of mutation
 p - 4 potions of resistance
 t - 4 potions of ambrosia
 u - a potion of invisibility
 y - 4 potions of curing
 B - 7 potions of flight
 F - 2 potions of berserk rage
 H - 2 potions of stabbing {unknown}
 K - 2 potions of degeneration {unknown}
 L - 4 potions of brilliance {unknown}
 N - a potion of lignification
 W - a potion of cancellation
 Y - 2 potions of might
Miscellaneous
 b - a lightning rod (4/4)
 n - a phantom mirror
 o - a tin of tremorstones (3/3)
Comestibles
 d - 31 rations


   Skills:
 + Level 8.9 Fighting
   Level 2.0 Short Blades
 * Level 3.0(4.9) Maces & Flails
   Level 6.0(6.3) Staves
 - Level 2.0 Dodging
 - Level 12.0 Stealth
 + Level 11.3 Spellcasting
 - Level 9.1 Conjurations
 - Level 5.0 Charms
   Level 1.0 Summonings
 - Level 3.0 Translocations
 - Level 9.0 Ice Magic
 - Level 9.0 Poison Magic
 + Level 7.9 Invocations
 - Level 5.0 Evocations


You had 16 spell levels left.
You knew the following spells:

 Your Spells              Type           Power        Failure   Level  Hunger
a - Magic Dart            Conj           ####         1%          1    None
b - Blink                 Tloc           N/A          2%          2    None
c - Frozen Ramparts       Ice            ######       1%          3    None
d - Mephitic Cloud        Conj/Pois/Air  ######..     1%          3    None
f - Conjure Flame         Conj/Fire      #####...     2%          3    None
s - Hailstorm             Conj/Ice       ######..     1%          4    ##.....
z - Ozocubu's Armour      Chrm/Ice       ######..     1%          3    None

Your spell library contained the following spells:

 Spells                   Type           Power        Failure   Level  Hunger
 Freeze                   Ice            ####         1%          1    None
 Infusion                 Chrm           ####         1%          1    None
 Ensorcelled Hibernation  Hex/Ice        #####.       1%          2    None
 Shroud of Golubria       Chrm/Tloc      #####.       1%          2    None
 Song of Slaying          Chrm           #####...     1%          2    None
 Dazzling Flash           Conj/Hex       #####.       2%          3    None
 Gell's Gravitas          Tloc           #####.....   5%          3    None
 Animate Skeleton         Necr           N/A          6%          1    None
 Corona                   Hex            ###....      6%          1    None
 Pain                     Necr           ###.         6%          1    None
 Call Imp                 Summ           ###.....     6%          2    None
 Spectral Weapon          Hex/Chrm       ####....     6%          3    None
 Summon Ice Beast         Ice/Summ       #####...     8%          4    ##.....
 Slow                     Hex            ###.....     9%          2    None
 Confusing Touch          Hex            ###.....     19%         3    None
 Tukima's Dance           Hex            ###.....     19%         3    None
 Vampiric Draining        Necr           ###.......   19%         3    None
 Metabolic Englaciation   Hex/Ice        #####.....   26%         5    ####...
 Animate Dead             Necr           N/A          52%         4    ##.....
 Petrify                  Tmut/Erth      ###.....     52%         4    ##.....
 Agony                    Necr           ###.....     86%         5    ####...
 Yara's Violent Unravell  Hex/Tmut       ###.......   86%         5    ####...


Dungeon Overview and Level Annotations

Branches:
Dungeon (12/15)            Temple (1/1) D:7            Lair (6/6) D:8
  Swamp (0/4) Lair:4        Snake (0/4) Lair:4        Slime (0/5) Lair:6
    Orc (1/2) D:11

Altars:
Ashenzari
Cheibriados
Dithmenos
Elyvilon
Fedhas
Gozag
Hepliaklqana
Kikubaaqudgha
Makhleb
Nemelex Xobeh
Okawaru
Ru
Uskayaw
Vehumet
Wu Jian
Zin
The Shining One

Shops:
D:11 ([


Innate Abilities, Weirdness & Mutations

You cannot wear boots.
Your serpentine skin is tough. (AC +4)
You have supernaturally acute eyesight. (SInv)
Armour fits poorly on your strangely shaped body.
Your system is resistant to poisons. (rPois)
You cover ground very slowly.
You have a slow metabolism.
You can spit poison.
You can use your snake-like lower body to constrict enemies.
You are partially covered in iridescent scales. (AC +2)
[You are very clumsy. (Dex -4)]
[You are very dopey. (Int -4)]
[Your magical capacity is very low. (-20% MP)]
[You sometimes yell uncontrollably at your foes.]


Message History

Unknown command.
The spatial maelstrom resists.
The wall freezes the spatial maelstrom.
The spatial maelstrom hits you but does no damage.
The spatial maelstrom hits you.
* * * LOW HITPOINT WARNING * * *
Space bends around you.
* * * LOW HITPOINT WARNING * * *
Casting: Frozen Ramparts (safe; 1% risk of failure)
Confirm with . or Enter, or press ? or * to list all spells.
You feel a surge of power!
You blink.
A large abomination comes into view.
A small abomination comes into view.
The spatial maelstrom completely resists.
The wall freezes the spatial maelstrom but do no damage.
Found a corrupted altar of Lugonu.
Your icy armour cracks and falls away as you move.
The spatial maelstrom barely misses you.
The spatial maelstrom hits you!
* * * LOW HITPOINT WARNING * * *
Space warps horribly around you!
You die...

# #....#.. #
##.#..♣ .....
.###.##.#..♣ ..
.............♣
........#§...♣ .
..............♣♣
. .
............♣ ..
.....v...v..♣
..###+#v.x..♣ .
#@....♣#
.......#.....♣
#......#....##
#.....#...X..#
......##......#
....#. #...#..#
###.. #........
.8# . #....#.#.
.._... #


You could see a spatial maelstrom, a spatial vortex (wandering), a large
abomination and a small abomination (wandering).

Vanquished Creatures
  The ghost of waddelsworth the Thaumaturge, a journeyman GrEE of Vehumet (Lair:4)
  A dire elephant (Lair:6)
  5 hydras
  Erica (D:8)
  A catoblepas (Lair:6)
  2 two-headed ogres
  4 death yaks (Lair:6)
  A deep troll shaman (Lair:6)
  A wretched star (Abyss:2)
  A sun demon (Abyss:2)
  An unseen horror (D:11)
  A sixfirhy (Abyss:2)
  2 oklob plants (Lair:6)
  A cyclops (D:12)
  A manticore (D:12)
  2 centaur zombies
  Maurice (D:9)
  7 elephants (Lair:6)
  3 black mambas
  Psyche (D:11)
  4 komodo dragons
  A gargoyle (D:10)
  7 spiny frogs
  A rime drake (Lair:5)
  An efreet (Abyss:2)
  A golden dragon simulacrum (Abyss:2)
  4 polar bears
  Prince Ribbit (D:9)
  2 bog bodies (Lair:4)
  8 hippogriffs
  3 trolls
  12 blink frogs
  A large abomination (Abyss:2)
  3 slime creatures (D:12)
  2 ynoxinuls (Abyss:2)
  A raiju (Abyss:2)
  Sigmund (D:7)
  41 yaks
  3 wraiths
  2 basilisks
  Eustachio (D:5)
  A hungry ghost (D:9)
  A chaos spawn (Abyss:2)
  A neqoxec (Abyss:2)
  A steam dragon (D:10)
  Menkaure (D:5)
  A warg (Orc:1)
  Edmund (D:7)
  2 swamp worms (Lair:4)
  14 water moccasins
  7 porcupines
  2 phantoms
  2 black bears
  8 orc warriors
  A necrophage (D:7)
  The ghost of jf82 the Skirmisher, an amateur HOFi of Okawaru (D:3)
  A sky beast (D:6)
  4 ogres
  5 centaurs
  6 crocodiles
  16 wolves
  6 small abominations (Abyss:2)
  A gnoll sergeant (D:11)
  8 bullfrogs
  A wyvern skeleton (D:8)
  4 scorpions
  8 killer bees
  14 wights
  An electric eel (Lair:4)
  A jelly (D:4)
  8 crimson imps
  A quasit (Abyss:2)
  4 hounds
  2 orc priests
  3 bullfrog skeletons
  An iron imp (Abyss:2)
  Crazy Yiuf (D:6)
  Ijyb (D:5)
  3 iguanas
  5 orc wizards
  10 worker ants
  A hound zombie (D:8)
  2 hound skeletons
  4 gnolls (D:11)
  2 howler monkey skeletons
  15 adders
  A shadow imp (D:6)
  2 oozes (D:3)
  4 adder skeletons
  2 worms
  6 leopard geckos
  31 orcs
  9 bats
  3 giant cockroaches (D:5)
  6 goblins
  6 hobgoblins
  12 jackals
  4 quokkas
  A ball python (Lair:4)
  5 frilled lizards
  A goblin skeleton (D:4)
  A goblin zombie (D:4)
  4 hobgoblin zombies (D:4)
  A jackal skeleton (D:4)
  6 kobolds
  8 rats
  3 butterflies
  2 fungi
439 creatures vanquished.

Vanquished Creatures (collateral kills)
  A wight (D:9)
  A bullfrog zombie (D:5)
  A worker ant (D:5)
3 creatures vanquished.

Vanquished Creatures (others)
  A centaur skeleton (D:11)
  6 fungi
  3 plants (Lair:6)
  10 starspawn tentacles (Abyss:2)
20 creatures vanquished.

Grand Total: 462 creatures vanquished

Notes
Turn   | Place    | Note
-------+----------+-------------------------------------------
     0 | D:1      | GameOver the Naga Wizard began the quest for the Orb.
     0 | D:1      | Reached XP level 1. HP: 15/15 MP: 4/4
    70 | D:1      | Reached XP level 2. HP: 22/22 MP: 3/6
   649 | D:1      | Reached XP level 3. HP: 23/28 MP: 2/7
   658 | D:1      | Learned a level 2 spell: Blink
   662 | D:1      | Learned a level 3 spell: Mephitic Cloud
   864 | D:2      | Noticed a +0 hand axe
   864 | D:2      | Noticed a -3 dagger
   867 | D:2      | Found a hide-covered altar of Uskayaw.
  1025 | D:2      | Reached skill level 1 in Poison Magic
  1109 | D:2      | Found a sacrificial altar of Ru.
  1111 | D:2      | Found a radiant altar of Vehumet.
  1118 | D:2      | Reached XP level 4. HP: 36/36 MP: 1/8
  1745 | D:3      | Found a transporter.
  1746 | D:3      | Found a glowing silver altar of Zin.
  1826 | D:3      | Found a transporter.
  1828 | D:3      | Found a transporter.
  1829 | D:3      | Noticed jf82's ghost (amateur HOFi)
  2053 | D:3      | Reached XP level 5. HP: 40/42 MP: 3/9
  2215 | D:3      | Found a blossoming altar of Fedhas.
  2280 | D:3      | Found a transporter.
  2291 | D:3      | Noticed a black bear
  2413 | D:3      | Killed a black bear
  2413 | D:3      | Reached XP level 6. HP: 42/49 MP: 7/10
  2535 | D:4      | Found a glowing golden altar of the Shining One.
  2582 | D:4      | Reached skill level 5 in Conjurations
  2622 | D:4      | Reached skill level 5 in Poison Magic
  2797 | D:4      | Noticed a phantom
  2822 | D:4      | Killed a phantom
  2822 | D:4      | Reached XP level 7. HP: 49/55 MP: 0/11
  2830 | D:4      | Found an opulent altar of Gozag.
  3167 | D:5      | Entered Level 5 of the Dungeon
  3167 | D:5      | Noticed Eustachio
  3266 | D:5      | Noticed Menkaure
  3349 | D:5      | Learned a level 3 spell: Conjure Flame
  3402 | D:5      | Found a runed translucent door.
  3447 | D:5      | Found a runed translucent door.
  3461 | D:5      | Reached XP level 8. HP: 58/62 MP: 3/12
  3543 | D:5      | Noticed Ijyb
  3551 | D:5      | Killed Eustachio
  3569 | D:5      | Killed Ijyb
  3721 | D:5      | Reached skill level 1 in Short Blades
  3820 | D:6      | Reached skill level 4 in Stealth
  4047 | D:6      | Found a shattered altar of Ashenzari.
  4207 | D:6      | Found a runed translucent door.
  4208 | D:6      | Noticed Crazy Yiuf
  4221 | D:6      | Killed Crazy Yiuf
  4339 | D:6      | Reached skill level 1 in Staves
  4664 | D:7      | Noticed a hippogriff
  4678 | D:7      | Killed a hippogriff
  4678 | D:7      | Reached skill level 5 in Stealth
  4678 | D:7      | Reached XP level 9. HP: 62/68 MP: 10/14
  4682 | D:7      | Found a shadowy altar of Dithmenos.
  4705 | D:7      | Reached skill level 6 in Stealth
  4764 | D:7      | Found an ornate altar of the Wu Jian Council.
  4807 | D:7      | Noticed Edmund
  4830 | D:7      | Killed Edmund
  4832 | D:7      | Noticed Sigmund
  4841 | D:7      | Killed Sigmund
  4900 | D:7      | Found a white marble altar of Elyvilon.
  4950 | D:7      | Reached skill level 7 in Stealth
  4994 | D:7      | Found a hazy altar of Hepliaklqana.
  5062 | D:7      | Found a staircase to the Ecumenical Temple.
  5068 | Temple   | Entered the Ecumenical Temple
  5078 | Temple   | Became a worshipper of Warmaster Okawaru
  5276 | D:8      | Reached skill level 5 in Spellcasting
  5294 | D:8      | Reached skill level 8 in Stealth
  5424 | D:8      | Reached skill level 9 in Stealth
  5437 | D:8      | Reached skill level 5 in Staves
  5475 | D:8      | Found a staircase to the Lair.
  5499 | D:8      | Reached * piety under Okawaru
  5523 | D:8      | Noticed Erica
  5540 | D:8      | Killed Erica
  5540 | D:8      | Reached skill level 10 in Stealth
  5540 | D:8      | Reached XP level 10. HP: 75/75 MP: 3/17
  5561 | D:8      | Learned a level 3 spell: Frozen Ramparts
  5566 | D:8      | Learned a level 4 spell: Hailstorm
  5601 | D:8      | Reached skill level 11 in Stealth
  5643 | D:8      | Reached skill level 1 in Invocations
  5923 | D:9      | Reached skill level 1 in Ice Magic
  5975 | D:9      | Found a burning altar of Makhleb.
  6049 | D:9      | Noticed a five-headed hydra
  6062 | D:9      | Killed a two-headed hydra
  6062 | D:9      | Reached ** piety under Okawaru
  6235 | D:9      | Noticed Maurice
  6255 | D:9      | Killed Maurice
  6255 | D:9      | Reached skill level 12 in Stealth
  6380 | D:9      | Noticed Prince Ribbit
  6387 | D:9      | Killed Prince Ribbit
  6598 | D:9      | Noticed a green death
  6601 | D:9      | Noticed an orange demon
  6670 | D:10     | Entered Level 10 of the Dungeon
  6715 | D:10     | Noticed a gargoyle
  6784 | D:10     | Killed a gargoyle
  6784 | D:10     | Reached *** piety under Okawaru
  6786 | D:10     | Reached XP level 11. HP: 86/90 MP: 12/18
  6799 | D:10     | Reached skill level 5 in Invocations
  7241 | D:10     | Noticed a two-headed ogre
  7384 | D:10     | Killed a two-headed ogre
  7532 | D:11     | Noticed a death knight
  7532 | D:11     | Noticed a phantasmal warrior
  7532 | D:11     | Noticed a phantasmal warrior
  7532 | D:11     | Noticed a phantasmal warrior
  7575 | D:11     | Noticed an unseen horror
  7592 | D:11     | Killed an unseen horror
  7592 | D:11     | Reached skill level 5 in Ice Magic
  7656 | D:11     | Reached **** piety under Okawaru
  7674 | D:11     | Reached skill level 5 in Fighting
  7854 | D:11     | Reached skill level 1 in Evocations
  7859 | D:11     | Found Jiocw's Armour Boutique.
  7859 | D:11     | Found a staircase to the Orcish Mines.
  7895 | D:11     | Found Cewken's Weapon Boutique.
  8127 | D:11     | Noticed a two-headed ogre
  8146 | D:11     | Killed a two-headed ogre
  8333 | D:11     | Noticed Psyche
  8337 | D:11     | Killed Psyche
  8402 | D:12     | Learned a level 3 spell: Ozocubu's Armour
  8447 | D:12     | Noticed a manticore
  8468 | D:12     | Killed a manticore
  8476 | D:12     | Reached ***** piety under Okawaru
  8490 | D:12     | Reached skill level 1 in Charms
  8775 | D:12     | Received a gift from Okawaru
  8784 | D:12     | Reached XP level 12. HP: 54/103 MP: 7/22
  9369 | D:5      | Killed Menkaure
  9574 | D:3      | Killed jf82's ghost
  9727 | Lair:1   | Entered Level 1 of the Lair of Beasts
 10331 | Lair:2   | You fall into a shaft and drop 1 floor!
 10354 | Lair:3   | Reached skill level 5 in Evocations
 10748 | Lair:2   | Reached skill level 5 in Charms
 10824 | Lair:2   | Noticed a five-headed hydra
 10834 | Lair:2   | Killed a five-headed hydra
 11403 | Lair:3   | Gained mutation: You can use your snake-like lower body to
                  | constrict enemies. [Naga growth]
 11403 | Lair:3   | Reached XP level 13. HP: 109/109 MP: 23/26
 11951 | Lair:4   | Found a runed translucent gate.
 11951 | Lair:4   | Found a runed translucent gate.
 11952 | Lair:4   | Found a runed translucent gate.
 11954 | Lair:4   | Noticed waddelsworth's ghost (journeyman GrEE)
 12114 | Lair:4   | Found a staircase to the Snake Pit.
 12291 | Lair:4   | Found a staircase to the Swamp.
 12294 | Lair:4   | Reached XP level 14. HP: 103/117 MP: 19/27
 12622 | Lair:4   | Killed waddelsworth's ghost
 12933 | Lair:5   | Reached skill level 10 in Spellcasting
 13021 | Lair:5   | Received a gift from Okawaru
 13028 | Lair:5   | Got a warped lajatang {god gift}
 13029 | Lair:5   | Identified the +3 lajatang of the Boiling Point {vamp,
                  | Int+4 Dex-3 SInv} (Okawaru gifted it to you on level 5 of
                  | the Lair of Beasts)
 13258 | Lair:5   | Reached ****** piety under Okawaru
 13632 | Lair:6   | Entered Level 6 of the Lair of Beasts
 13724 | Lair:6   | Found a staircase to the Slime Pits.
 13934 | Lair:6   | Received a gift from Okawaru
 13980 | Lair:6   | Noticed a dire elephant
 14057 | Lair:6   | Killed a dire elephant
 14166 | Lair:6   | Got a steaming flail
 14167 | Lair:6   | Identified the +5 flail of Xumuav {freeze, rC++ MP+9} (You
                  | found it on level 6 of the Lair of Beasts)
 14318 | Lair:6   | Reached skill level 1 in Maces & Flails
 14994 | Orc:1    | Entered Level 1 of the Orcish Mines
 15022 | Orc:1    | Cast into level 2 of the Abyss (orc knight)
 15026 | Abyss:2  | Noticed a bone dragon
 15182 | Abyss:2  | Noticed a profane servitor
 15256 | Abyss:2  | Found a blossoming altar of Fedhas.
 15303 | Abyss:2  | Gained mutation: You are partially covered in iridescent
                  | scales. (AC +2) [a neqoxec]
 15354 | Abyss:2  | Noticed a tentacled starspawn
 15361 | Abyss:2  | HP: 6/127 [tentacled starspawn (10)]
 15395 | Abyss:2  | Found a corrupted altar of Lugonu.
 15396 | Abyss:2  | HP: 4/127 [spatial maelstrom (11)]
 15396 | Abyss:2  | Mangled by a spatial maelstrom

Illustrated notes

Levels and vault maps discovered:
D:1:      elethiomel_arrival_quiet, layout_basic
D:2:      layout_basic, grunt_temple_overflow_open, dancing_weapons_uskayaw
D:3:      layout_loops_ring, gammafunk_temple_overflow_arena,
          fedhas_altar_fruit_tree, first_ration, gammafunk_ghost_mausoleum,
          hex_tiny
D:4:      layout_basic, nicolae_tso_besieged_by_evil,
          nicolae_gozag_cash_rules_everything_around_me
D:5:      lemuel_insect_pit, layout_basic, grunt_tough_drop, uniq_ijyb,
          uniq_eustachio, uniq_menkaure
D:6:      layout_gridville, lemuel_round_altar, uniq_crazy_yiuf_cottage
D:7:      layout_rooms, kennysheep_mini, old_standard_altar,
          kennysheep_mini_moat, elyvilon_altar_5, minmay_temple_entry_fiery,
          sigmund_edmund_badplayer
D:8:      layout_cave_pools, grunt_lair_entry_orc_guard_hut, kennysheep_nub,
          uniq_erica
D:9:      layout_basic, makhleb_altar_promises_db, uniq_maurice,
          uniq_prince_ribbit1
D:10:     layout_basic
D:11:     layout_roguey, orc_david_3, uniq_psyche
D:12:     layout_irregular_city
Temple:   chequers_temple_sunken
Lair:1:   layout_hall_layers, infiniplex_staircase_pool_2
Lair:2:   layout_gridlike
Lair:3:   layout_regular_city
Lair:4:   layout_regular_city, nicolae_swamp_entry_splash_gauntlet,
          minmay_snake_entry_six_corridors, ebering_ghost_rock_garden,
          grunt_megastairs_3
Lair:5:   layout_roguey, chequers_serial_rivers_micro_a
Lair:6:   grunt_lair_end_beastmaster, layout_misc_corridors,
          minmay_slime_entry_oklob_open, lemuel_fruit_fields
Orc:1:    gammafunk_beogh_shrine, layout_caves, mines2_david
Abyss:2:  base:
Lair:4

Skill      XL: |  1  2  3  4  5  6  7  8  9 10 11 12 13 14 |
---------------+-------------------------------------------+-----
Conjurations   | 2 3 4 5 6 9 |  9.1
Poison Magic   | 1 2 4 5 8 9 |  9.0
Short Blades   | 2 |  2.0
Translocations | 3 |  3.0
Dodging        | 2 |  2.0
Stealth        | 5 10 12 | 12.0
Staves         | 2 6 |  6.0
Spellcasting   | 5 7 9 11 | 11.3
Invocations    | 4 5 7 |  7.9
Ice Magic      | 3 6 8 9 |  9.0
Fighting       | 3 5 8 |  8.9
Evocations     | 3 5 |  5.0
Charms         | 2 5 |  5.0
Maces & Flails | 3 |  3.0
Summonings     | |  1.0

Action                   |  1- 3 |  4- 6 |  7- 9 | 10-12 | 13-15 || total
-------------------------+-------+-------+-------+-------+-------++-------
Melee: Dagger            |     2 |     1 |       |       |       ||     3
       Rapier            |       |    59 |    51 |       |       ||   110
       Quarterstaff      |       |       |   113 |   346 |   196 ||   655
       Scimitar          |       |       |       |     5 |       ||     5
       Spear             |       |       |       |    17 |       ||    17
       Trident           |       |       |       |    16 |    27 ||    43
       Constrict         |       |       |       |       |    57 ||    57
       Flail             |       |       |       |       |    86 ||    86
 Cast: Magic Dart        |    42 |    52 |    93 |    61 |    58 ||   306
       Mephitic Cloud    |       |     2 |    24 |    39 |    27 ||    92
       Blink             |       |       |     3 |    16 |    19 ||    38
       Conjure Flame     |       |       |     3 |    20 |    22 ||    45
       Frozen Ramparts   |       |       |       |    32 |    38 ||    70
       Hailstorm         |       |       |       |     2 |    17 ||    19
       Ozocubu's Armour  |       |       |       |    10 |    38 ||    48
Invok: Heroism           |       |       |       |    10 |     9 ||    19
       Finesse           |       |       |       |       |     2 ||     2
 Abil: Spit Poison       |    30 |    18 |    47 |    85 |    61 ||   241
Evoke: Wand              |       |       |       |     3 |     6 ||     9
  Use: Scroll            |       |     6 |       |    10 |     6 ||    22
       Potion            |       |     1 |     1 |     1 |     6 ||     9
 Stab: Sleeping          |       |     3 |       |     6 |       ||     9
       Confused          |       |     1 |     7 |    16 |    18 ||    42
       Petrified         |       |       |     1 |     2 |     3 ||     6
       Petrifying        |       |       |     1 |     1 |     1 ||     3
       Paralysed         |       |       |       |     2 |     3 ||     5
  Eat: Chunk             |     2 |     6 |    12 |    20 |    14 ||    54
       Ration            |       |       |       |     1 |     1 ||     2
Armor: Robe              |     4 |     5 |    33 |    85 |   184 ||   311
Dodge: Dodged            |    10 |    35 |    97 |   173 |   164 ||   479
Block: Other             |       |    12 |     5 |       |       ||    17
       Rpst.: Scimitar   |       |       |       |     1 |       ||     1
